 Dungeon Crawl Stone Soup version 0.21.0-26-g889b8f6 (webtiles) character file.

37 tidbits the Charmwright (level 3, 1/31 HPs)
             Began as a Gnoll Skald on Jan 28, 2018.
             Quit the game on level 3 of the Dungeon.
             The game lasted 00:02:52 (268 turns).

tidbits the Charmwright (Gnoll Skald)                Turns: 268, Time: 00:02:52

Health: 1/31       AC:  4    Str: 13    XL:     3   Next: 39%
Magic:  1/9        EV: 14    Int: 16    God:
Gold:   8          SH:  0    Dex: 14    Spells: 1/12 levels left

rFire    . . .     SeeInvis .   a - +0 hand axe
rCold    . . .     Gourm    .   (no shield)
rNeg     . . .     Faith    .   b - +0 leather armour
rPois    .         Spirit   .   (no helmet)
rElec    .         Reflect  .   (no cloak)
rCorr    .         Harm     .   G - +0 pair of gloves
MR       .....                  (no boots)
Stlth    +.........             (no amulet)
HPRegen  0.10/turn              (no ring)
MPRegen  0.11/turn              (no ring)

@: lethally poisoned (1 -> -8), infused, very slightly contaminated
A: distributed training, fangs 1, strong nose
a: no special abilities


You were on level 3 of the Dungeon.
You were full.

You visited 1 branch of the dungeon, and saw 3 of its levels.

You collected 8 gold pieces.

Inventory:

Hand Weapons
 a - a +0 hand axe (weapon)
Missiles
 e - 17 arrows
Armour
 b - a +0 leather armour (worn)
 G - a +0 pair of gloves (worn)
Wands
 f - a wand of random effects (16)
Scrolls
 g - a scroll of blinking
Books
 c - a book of Battle

   Spells                             Type                      Level
   a - Infusion                       Charms                       1
   b - Shroud of Golubria             Charms/Translocation         2
   c - Song of Slaying                Charms                       2
   d - Spectral Weapon                Hexes/Charms                 3
   e - Regeneration                   Charms/Necromancy            3
Comestibles
 d - a ration


   Skills:
 + Level 4.5 Fighting
 + Level 0.7 Short Blades
 + Level 0.7 Long Blades
 + Level 4.5 Axes
 + Level 0.7 Maces & Flails
 + Level 0.7 Polearms
 + Level 0.7 Staves
 + Level 0.7 Slings
 + Level 0.7 Bows
 + Level 0.7 Crossbows
 + Level 0.7 Throwing
 + Level 2.6 Armour
 + Level 4.5 Dodging
 + Level 0.7 Stealth
 + Level 0.7 Shields
 + Level 0.7 Unarmed Combat
 + Level 5.0 Spellcasting
 + Level 0.5 Conjurations
 + Level 0.5 Hexes
 + Level 5.4 Charms
 + Level 0.5 Summonings
 + Level 0.5 Necromancy
 + Level 0.5 Translocations
 + Level 0.5 Transmutations
 + Level 0.5 Fire Magic
 + Level 0.5 Ice Magic
 + Level 0.5 Air Magic
 + Level 0.5 Earth Magic
 + Level 0.5 Poison Magic
 + Level 0.9 Invocations
 + Level 0.7 Evocations


You had one spell level left.
You knew the following spells:

 Your Spells              Type           Power        Failure   Level  Hunger
g - Shroud of Golubria    Chrm/Tloc      ##........   9%          2    #......
i - Infusion              Chrm           ###.         1%          1    None
r - Regeneration          Chrm/Necr      ##........   17%         3    ###....
w - Spectral Weapon       Hex/Chrm       ##......     17%         3    ###....
y - Song of Slaying       Chrm           ###.....     3%          2    #......


Dungeon Overview and Level Annotations

Branches:
Dungeon (3/15)

Altars:

Annotations:
D:3 Grinder


Innate Abilities, Weirdness & Mutations

Your experience applies equally to all skills.
You have very sharp teeth.
Your uncanny sense of smell can sniff out nearby items.


Message History

Confirm with . or Enter, or press ? or * to list all spells.
You begin infusing your attacks with magical energy.
The kobold throws a stone.
The stone hits you but does no damage.
The kobold throws a stone.
The stone barely misses you. The kobold hits you but does no damage.
You hit the kobold.
You kill the kobold!
You see here a pair of gloves.
f - a pair of gloves Wear which item? (? for menu, Esc to quit)
You start putting on your armour.
You continue putting on your pair of gloves. x4
You finish putting on your +0 pair of gloves.
Adjust (i)tems, (s)pells, or (a)bilities?
Adjust which item? (? for menu, Esc to quit)
f - a +0 pair of gloves (worn)
Adjust to which letter? (? for menu, Esc to quit)
G - a +0 pair of gloves (worn)
Found a short bone wand.
Your magical infusion is running out.
You see here a wand of random effects (16).
f - a wand of random effects (16)
You are no longer magically infusing your attacks.
There is an escape hatch in the floor here.
Things that are here:
a dagger; 3 stones You slide downwards.
The hatch slams shut behind you.
A bat, a rat, a quokka, a giant cockroach, a goblin and Grinder come into view.
Grinder shouts!
Found 20 stones.
Unknown command.
Casting: Infusion
Confirm with . or Enter, or press ? or * to list all spells.
You begin infusing your attacks with magical energy.
The goblin shouts!
It was a potion of curing.
You feel better. The bat closely misses you. The bat barely misses you.
Unknown command.
You closely miss the bat. You hit the rat.
You kill the rat!
The bat barely misses you. The bat misses you. x2
The goblin barely misses you.
An orc comes into view. It is wielding a flail.
Casting: Infusion
Confirm with . or Enter, or press ? or * to list all spells.
Space distorts slightly along a thin shroud covering your body.
The orc shouts!
The bat barely misses you.
Your shroud bends the bat's attack away.
The giant cockroach misses you.
Your shroud bends the giant cockroach's attack away.
The goblin misses you.
Unknown command.
You hit the goblin!
You kill the goblin!
You hit the giant cockroach. The bat hits you but does no damage. x2
The giant cockroach bites you but does no damage.
The quokka bites you.
A kobold comes into view. It is wielding a dagger.
The kobold shouts!
You hit the giant cockroach.
You kill the giant cockroach!
You closely miss the quokka. You hit the bat.
You kill the bat!
The quokka completely misses you. Grinder gestures at you.
Pain shoots through your body!
* * * LOW HITPOINT WARNING * * *
A hobgoblin comes into view.
Casting: Shroud of Golubria
Confirm with . or Enter, or press ? or * to list all spells.
You don't have enough magic to cast that spell.
The hobgoblin shouts!
You hit the quokka.
The quokka is heavily wounded.
You hear a shout!
The quokka bites you.
* * * LOW HITPOINT WARNING * * *
Your shroud falls apart!
You hit Grinder!
Grinder is moderately wounded.
You barely miss the quokka. The quokka misses you. Grinder gestures at you.
Pain shoots through your body!
* * * LOW HITPOINT WARNING * * *
The quokka barely misses you.
A hobgoblin comes into view.
Blink to where?
Press: ? - help, Dir - move target cursor You are very lightly contaminated with residual magic.
As you read the scroll labeled PIEGOM XOALISS, it crumbles to dust.
It was a scroll of blinking.
The kobold unwields an uncursed dagger.
The kobold wields a blowgun.
The kobold shoots a poisoned needle.
The poisoned needle hits you!
You are lethally poisoned!
Found a ring mail and a scale mail.
Found a stone staircase leading up.
Unknown command.
You aren't carrying any potions.
Unknown command.
Are you sure you want to abandon this character and quit the game? (Confirm with "yes".)

#..#.......
#.).........
#...#......#<
#.(.#r5........
#...#..o#.......
g.# . #K.......#
# .# ..#......
#. #.g.....## .
..#....@.#
#..............
..........#.###
..............
.......#.#.#. .
#####.......[#
#[.#.#.#.#
##.......#


You could see Grinder, an orc, a quokka, a hobgoblin and a kobold.

Vanquished Creatures
  2 adders (D:2)
  An ooze (D:2)
  A giant cockroach (D:3)
  2 goblins
  A quokka (D:2)
  A bat (D:3)
  9 frilled lizards
  2 kobolds
  A rat (D:3)
20 creatures vanquished.

Notes
Turn   | Place    | Note
-------+----------+-------------------------------------------
     0 | D:1      | tidbits the Gnoll Skald began the quest for the Orb.
     0 | D:1      | Reached XP level 1. HP: 20/20 MP: 6/6
    93 | D:2      | Reached XP level 2. HP: 24/26 MP: 3/7
   100 | D:2      | Learned a level 2 spell: Song of Slaying
   103 | D:2      | Learned a level 2 spell: Shroud of Golubria
   164 | D:2      | Reached skill level 5 in Spellcasting
   164 | D:2      | Reached XP level 3. HP: 27/31 MP: 4/9
   169 | D:2      | Learned a level 3 spell: Regeneration
   174 | D:2      | Learned a level 3 spell: Spectral Weapon
   258 | D:3      | Noticed Grinder
   266 | D:3      | HP: 1/31 [Grinder/nerve-wracking pain (11)]
   268 | D:3      | Quit the game

Skill      XL: |  1  2 |
---------------+-------+-----
Spellcasting   | 5 |  5.0
Fighting       | |  4.5
Short Blades   | |  0.7
Long Blades    | |  0.7
Axes           | |  4.5
Maces & Flails | |  0.7
Polearms       | |  0.7
Staves         | |  0.7
Slings         | |  0.7
Bows           | |  0.7
Crossbows      | |  0.7
Throwing       | |  0.7
Armour         | |  2.6
Dodging        | |  4.5
Stealth        | |  0.7
Shields        | |  0.7
Unarmed Combat | |  0.7
Conjurations   | |  0.5
Hexes          | |  0.5
Charms         | |  5.4
Summonings     | |  0.5
Necromancy     | |  0.5
Translocations | |  0.5
Transmutations | |  0.5
Fire Magic     | |  0.5
Ice Magic      | |  0.5
Air Magic      | |  0.5
Earth Magic    | |  0.5
Poison Magic   | |  0.5
Invocations    | |  0.9
Evocations     | |  0.7

Action                   || total
-------------------------++-------
Melee: Hand axe          ||    26
       Unarmed           ||     2
 Cast: Infusion          ||     5
       Regeneration      ||     1
       Shroud of Golubri ||     1
  Use: Scroll            ||     3
       Potion            ||     2
  Eat: Ration            ||     1
Armor: Leather armour    ||    12
       Skin              ||     1
Dodge: Dodged            ||    39

Table legend:
 A = Turns spent in this place as a percentage of turns spent in the entire game.
 B = Non-inter-level travel turns spent in this place as a percentage of non-inter-level travel turns spent in the entire game.
 C = Inter-level travel turns spent in this place as a percentage of turns spent in this place.
 D = Turns resting spent in this place as a percentage of non-inter-level travel turns spent in this place.
 E = Turns spent auto-exploring this place as a percentage of non-inter-level travel turns spent in this place.
 F = Non-inter-level travel turns spent in this place divided by the number of levels of this place that you've seen.
                   A       B       C       D       E      F
               +-------+-------+-------+-------+-------+----------------------
         Total | 100.0 | 100.0 |   0.0 |   1.9 |   0.0 |  89.3
       Dungeon | 100.0 | 100.0 |   0.0 |   1.9 |   0.0 |  89.3
               +-------+-------+-------+-------+-------+----------------------

Table legend:
 A = Kills in this place as a percentage of kills in entire the game.
 B = Kills by you in this place as a percentage of kills by you in the entire game.
 C = Kills by friends in this place as a percentage of kills by friends in the entire game.
 D = Other kills in this place as a percentage of other kills in the entire game.
 E = Experience gained in this place as a percentage of experience gained in the entire game.
 F = Experience gained in this place divided by the number of levels of this place that you have seen.
                   A       B       C       D       E      F
               +-------+-------+-------+-------+-------+----------------------
         Total | 100.0 | 100.0 |   N/A |   N/A | 100.0 |  17.7
       Dungeon | 100.0 | 100.0 |   N/A |   N/A | 100.0 |  17.7
               +-------+-------+-------+-------+-------+----------------------

Vault maps used:
D:1:      mrwooster_arrival_statue, dk_noncrumbling_4, minmay_misc_feat_encased,
          minmay_lizard_pond
D:2:      fedhas_altar_2, kennysheep_nondescript
D:3:      marbit_many_paths, serial_glass, glass_columns_a, glass_columns_a,
          glass_columns_b, glass_columns_b, glass_columns_b, glass_columns_a,
          hex_medium, uniq_grinder, uniq_robin, uniq_jessica, uniq_natasha
